 Dungeon Crawl Stone Soup version 0.27.1-34-g3ba077fa99 (webtiles) character file.

Game seed: 14014560571889431246

23 pkoi the Insei (level 2, 0/26 HPs)
             Began as a Draconian Monk on Jan 17, 2022.
             Slain by a hobgoblin (4 damage)
             ... on level 1 of the Dungeon.
             The game lasted 00:00:50 (877 turns).

pkoi the Insei (Draconian Monk)                      Turns: 877, Time: 00:00:51

Health: 0/26       AC:  5    Str: 13    XL:     2   Next: 75%
Magic:  2/2        EV: 12    Int: 10    God:
Gold:   33         SH:  0    Dex: 13    Spells: 1/1 levels left

rFire    . . .     SeeInvis .     - Unarmed
rCold    . . .     Faith    .   (no shield)
rNeg     . . .     Spirit   .   (armour unavailable)
rPois    .         Reflect  .   (helmet restricted)
rElec    .         Harm     .   (no cloak)
rCorr    .         Rampage  .   h - +0 pair of gloves
Will     .....                  (no boots)
Stlth    ++........             (no amulet)
HPRegen  0.08/turn              (no ring)
MPRegen  0.08/turn              (no ring)

@: slowed, very slow
A: AC +4, unfitting armour, cold-blooded
a: no special abilities


You were on level 1 of the Dungeon.
You visited 1 branch of the dungeon, and saw 1 of its levels.

You collected 33 gold pieces.

Inventory:

Hand Weapons
 b - a +0 dagger
Missiles
 a - 2 atropa-tipped darts (quivered)
Armour
 h - a +0 pair of gloves (worn)
Jewellery
 e - a ring of protection from cold
 f - an amulet of regeneration
Scrolls
 d - 3 scrolls of fog {unknown}
 g - a scroll of immolation {unknown}
Potions
 c - a potion of might {unknown}


   Skills:
 - Level 3.2 Fighting
 - Level 2.6 Dodging
 - Level 1.7 Stealth
 + Level 4.1 Unarmed Combat


You had one spell level left.
You didn't know any spells.
Your spell library was empty.

Dungeon Overview and Level Annotations

Branches:
Dungeon (1/15)

Altars:


Innate Abilities, Weirdness & Mutations

Your plain brown scales are hard. (AC +4)
You cannot fit into any form of body armour.
You are cold-blooded and may be slowed by cold attacks.


Message History

The endoplasm freezes you.
You are frozen.
You feel yourself slow down.
The hobgoblin hits you but does no damage.
You are too injured to fight recklessly!
You are too injured to fight recklessly!
You are too injured to fight recklessly!
You hit the endoplasm.
The endoplasm is moderately wounded.
The endoplasm hits you but does no damage.
The hobgoblin barely misses you. The endoplasm freezes you.
You are frozen.
You hit the endoplasm but do no damage. You tail-slap the endoplasm.
The endoplasm is heavily wounded.
The hobgoblin hits you.
The endoplasm hits you but does no damage.
The hobgoblin hits you but does no damage.
You barely miss the endoplasm.
The endoplasm is heavily wounded.
The endoplasm freezes you.
You are frozen.
* * * LOW HITPOINT WARNING * * *
You feel as though you will be slow longer.
The hobgoblin hits you.
* * * LOW HITPOINT WARNING * * *
You completely miss the endoplasm.
The endoplasm is heavily wounded.
The endoplasm freezes you.
You are frozen.
* * * LOW HITPOINT WARNING * * *
The hobgoblin barely misses you.
The endoplasm hits you but does no damage.
You hit the endoplasm.
You kill the endoplasm!
The hobgoblin hits you but does no damage. x2
Unknown command.
You hit the hobgoblin but do no damage. You tail-slap the hobgoblin.
The hobgoblin is heavily wounded.
The hobgoblin hits you.
You die...

..#
#.##..............#.#
..#
#.##..............###
###
#.########.#......#
......# #.#......#
#####.. #.######## #
#.# #.#########
.####..........
........@.......
.......g........
.............$..
.......#########
######.# #.# #.
#.########## # #
#...........


You could see a hobgoblin.

Vanquished Creatures
  A dart slug (D:1)
  A ball python (D:1)
  2 bats (D:1)
  3 endoplasms (D:1)
  A giant cockroach (D:1)
  A goblin (D:1)
  4 hobgoblins (D:1)
  A kobold (D:1)
  A frilled lizard (D:1)
  4 rats (D:1)
19 creatures vanquished.

Notes
Turn   | Place    | Note
-------+----------+-------------------------------------------
     0 | D:1      | pkoi the Draconian Monk began the quest for the Orb.
     0 | D:1      | Reached XP level 1. HP: 19/19 MP: 1/1
   124 | D:1      | Reached XP level 2. HP: 1/26 MP: 2/2
   780 | D:1      | Reached skill level 4 in Unarmed Combat
   877 | D:1      | Slain by a hobgoblin

Illustrated notes

Levels and vault maps discovered:
D:1:      dpeg_arrival_another_circle, layout_basic

Skill      XL: |  1  2 |
---------------+-------+-----
Unarmed Combat | 4 |  4.1
Fighting       | |  3.2
Dodging        | |  2.6
Stealth        | |  1.7

Action                   || total
-------------------------++-------
Melee: Unarmed           ||    66
       Tailslap          ||    12
       Punch             ||     1
 Stab: Sleeping          ||     2
Armor: Skin              ||    21
Dodge: Dodged            ||    36
